 Dungeon Crawl Stone Soup version 0.29.1-12-g30fa7ad0bf (webtiles) character file.

Game seed: 11435332818622553214

1362 SAVEDBELIEVER the Cleaver (level 8, 0/64 HPs)
             Began as a Minotaur Berserker on Dec 22, 2022.
             Was a Priest of Trog.
             Slain by an ice beast (10 damage)
             ... on level 6 of the Dungeon.
             The game lasted 00:07:59 (5509 turns).

SAVEDBELIEVER the Cleaver (Minotaur Berserker)      Turns: 5509, Time: 00:07:59

Health: 0/64       AC: 14    Str: 24    XL:     8   Next: 37%
Magic:  7/7        EV:  7    Int: 10    God:    Trog [***...]
Gold:   239        SH:  0    Dex: 10    Spells: 7/7 levels left

rFire   . . .      SeeInvis .   v - +0 war axe
rCold   . . .      Faith    .   (no shield)
rNeg    . . .      Spirit   .   t - +1 plate armour
rPois   .          Reflect  .   (helmet restricted)
rElec   .          Harm     .   C - scarf {repulsion}
rCorr   .          Rampage  .   a - +0 pair of gloves
Will    +....                   z - +0 pair of boots
Stlth   ..........              (no amulet)
HPRegen 0.20/turn               e - +6 ring of intelligence
MPRegen 0.10/turn               f - ring of willpower

@: repel missiles
A: horns 2, retaliatory headbutt
a: Renounce Religion, Berserk, Trog's Hand


You were on level 6 of the Dungeon.
You worshipped Trog.
Trog was most pleased with you.
You visited 1 branch of the dungeon, and saw 6 of its levels.

You collected 239 gold pieces.

Inventory:

Hand Weapons
 v - a +0 war axe (weapon)
Missiles
 b - 2 javelins (quivered)
 j - 5 curare-tipped darts
 k - 60 stones
 l - 2 silver javelins
 u - 10 poisoned darts
 E - a throwing net
Armour
 a - a +0 pair of gloves (worn)
 t - a +1 plate armour (worn)
 z - a +0 pair of boots (worn)
 C - a scarf of repulsion (worn)
Jewellery
 e - a +6 ring of intelligence (left hand)
 f - a ring of willpower (right hand)
 F - a ring of see invisible
Wands
 B - a wand of mindburst (10)
 G - a wand of roots (8)
Scrolls
 c - 2 scrolls of enchant armour
 d - a scroll of blinking
 g - 4 scrolls of teleportation
 m - a scroll of poison {unknown}
 n - 3 scrolls of vulnerability
 p - a scroll of noise {unknown}
 q - 2 scrolls of enchant weapon {unknown}
 x - a scroll of brand weapon {unknown}
 y - 5 scrolls of identify
Potions
 h - 2 potions of mutation {unknown}
 i - 2 potions of heal wounds {unknown}
 o - 3 potions of curing {unknown}
 r - 2 potions of brilliance {unknown}
 s - a potion of attraction {unknown}
 w - a potion of berserk rage {unknown}
 A - a potion of flight {unknown}
 D - a potion of lignification {unknown}
 H - a potion of ambrosia {unknown}


   Skills:
 - Level 3.6 Fighting
 * Level 12.7 Axes
 - Level 2.4 Armour
 - Level 2.1 Dodging


You had 7 spell levels left.
You didn't know any spells.
Your spell library was empty.

Dungeon Overview and Level Annotations

Branches:
Dungeon (6/15)
 Temple: D:4-7

Altars:
Cheibriados
Ru
Uskayaw
Zin

Shops:
D:3 :   D:6 (*


Innate Abilities, Weirdness & Mutations

You have a pair of horns on your head.
You reflexively headbutt those who attack you in melee.


Message History

The ice beast hits you but does no damage.
You slash the orc priest!
You kill the orc priest!
Trog accepts your kill.
You hit the ice beast but do no damage. The ice beast closely misses you.
You furiously retaliate!
You headbutt the ice beast, but do no damage.
You closely miss the ice beast. The ice beast barely misses you.
You slash the ice beast!
The ice beast is heavily wounded.
The ice beast hits you. The ice beast freezes you!
Unknown command.
Unknown command.
You barely miss the ice beast.
The ice beast is heavily wounded.
The ice beast hits you. The ice beast freezes you!
Unknown command.
You are too injured to fight recklessly!
Unknown command.
You are too injured to fight recklessly!
You are too injured to fight recklessly!
Unknown command.
Unknown command.
You are too injured to fight recklessly!
You are too injured to fight recklessly!
You hit the ice beast but do no damage.
The ice beast is heavily wounded.
You closely miss the ice beast.
The ice beast is heavily wounded.
The ice beast hits you but does no damage.
You barely miss the ice beast.
The ice beast is heavily wounded.
The ice beast hits you. The ice beast freezes you!
* * * LOW HITPOINT WARNING * * *
You barely miss the ice beast.
The ice beast is heavily wounded.
The ice beast hits you.
* * * LOW HITPOINT WARNING * * *
The ice beast freezes you!
You die...

#.#.. ..# #.) # #.#.#
#.# #.# #.#.#.# #.# #.#
#######.#.#.####.# #.#
###................###.#
....... ##.............
....... #.......#######
......)###.##.####
......)@....#.#
......Y###.##.# .......
####.# ######## .......
#.# #....... ###.##. #.#
#.###### #.. #. #.###.#
#.. .. #.....# .. ..
#######


You could see an ice beast.

Vanquished Creatures
  2 black bears (D:5)
  A centaur (D:6)
  A phantom (D:5)
  A bullfrog (D:6)
  2 necrophages (D:5)
  2 scorpions
  8 hounds
  A jelly (D:5)
  An orc priest (D:6)
  A gnoll bouda (D:5)
  5 iguanas
  3 orc wizards (D:3)
  5 adders
  5 gnolls (D:5)
  A white imp (D:5)
  A worm (D:2)
  2 dart slugs
  21 orcs
  13 endoplasms
  3 giant cockroaches
  3 goblins
  4 hobgoblins
  5 kobolds
  A quokka (D:1)
  3 ball pythons
  4 bats
  5 frilled lizards
  3 rats
107 creatures vanquished.

Notes
Turn   | Place    | Note
-------+----------+-------------------------------------------
     0 | D:1      | SAVEDBELIEVER the Minotaur Berserker began the quest for
                  | the Orb.
     0 | D:1      | Reached XP level 1. HP: 19/19 MP: 0/0
   108 | D:1      | Found a faded altar of an unknown god.
   116 | D:1      | Reached skill level 4 in Axes
   119 | D:1      | Reached XP level 2. HP: 22/26 MP: 1/1
  1071 | D:2      | Reached skill level 5 in Axes
  1071 | D:2      | Reached XP level 3. HP: 31/31 MP: 2/2
  1216 | D:2      | Reached ** piety under Trog
  1707 | D:3      | HP: 2/46 [something (4)]
  1711 | D:3      | Reached skill level 6 in Axes
  1711 | D:3      | Reached XP level 4. HP: 2/39 MP: 3/3
  2311 | D:3      | Reached skill level 7 in Axes
  2311 | D:3      | Reached XP level 5. HP: 45/45 MP: 4/4
  2556 | D:3      | Found a snail-covered altar of Cheibriados.
  2956 | D:3      | Found Obbug's Book Shoppe.
  3384 | D:4      | Reached skill level 8 in Axes
  3616 | D:4      | Found a hide-covered altar of Uskayaw.
  3780 | D:4      | Reached XP level 6. HP: 51/51 MP: 5/5
  3903 | D:4      | Found a sacrificial altar of Ru.
  4067 | D:5      | Entered Level 5 of the Dungeon
  4114 | D:5      | Reached skill level 9 in Axes
  4316 | D:5      | Reached XP level 7. HP: 57/57 MP: 6/6
  4316 | D:5      | Identified the +3 scale mail of the Shore {Fly}
  4325 | D:5      | Reached skill level 10 in Axes
  4506 | D:5      | Reached skill level 11 in Axes
  4695 | D:5      | Reached XP level 8. HP: 64/64 MP: 7/7
  4889 | D:6      | Reached *** piety under Trog
  4920 | D:6      | Reached skill level 12 in Axes
  5121 | D:6      | Found Cyanypp's Elemental Accessories.
  5126 | D:6      | Found Xainepia's Weapon Shop.
  5381 | D:6      | Found a glowing silver altar of Zin.
  5509 | D:6      | Slain by an ice beast

Illustrated notes

Levels and vault maps discovered:
D:1:      lightli_arrival_chessboard, layout_basic,
          shapermc_ecumenical_altar_venn, roderic_lattice_a
D:2:      layout_loops_cross
D:3:      kennysheep_big_flooded_room, layout_basic, cheibriados_altar_1,
          serial_shops, nicolae_lakefront_shop
D:4:      layout_loops_cross, nicolae_ru_the_path_less_chosen,
          lemuel_doored_altar
D:5:      nicolae_cairo_tiling_large_dashed, layout_cave_pools
D:6:      layout_loops_ring, zin_treasury, minmay_temple_entry_junction,
          serial_shops, shop_statue, nicolae_zen_rock_garden,
          nicolae_elemental_shop

Skill      XL: |  1  2  3  4  5  6  7  8 |
---------------+-------------------------+-----
Axes           | 4 5 6 7 8 9 11 12 | 12.7
Fighting       | |  3.6
Armour         | |  2.4
Dodging        | |  2.1

Action                   |  1- 3 |  4- 6 |  7- 9 || total
-------------------------+-------+-------+-------++-------
Melee: Hand axe          |    87 |    35 |       ||   122
       Headbutt          |     9 |    13 |    15 ||    37
       Punch             |     2 |       |       ||     2
       War axe           |       |    63 |   109 ||   172
Invok: Berserk           |     1 |     1 |       ||     2
       Trog's Hand       |       |     1 |       ||     1
  Use: Scroll            |       |     4 |       ||     4
Armor: Scale mail        |    26 |    23 |       ||    49
       Animal skin       |     2 |       |       ||     2
       Plate armour      |       |    38 |    98 ||   136
Dodge: Dodged            |    40 |    40 |    38 ||   118
